 Dungeon Crawl Stone Soup version 0.31-a0-845-g9abc20d24f (webtiles) character file.

Game seed: 7485735344757081606

62 croobank the Covert (level 4, -2/41 HPs)
             Began as a Gnoll Delver on Oct 2, 2023.
             Slain by a black bear (5 damage)
             ... on level 6 of the Dungeon.
             The game lasted 00:01:01 (150 turns).

croobank the Covert (Gnoll Delver)                   Turns: 150, Time: 00:01:01

Health: -2/41      AC:  3    Str: 11    XL:     4   Next: 8%
Magic:  5/5        EV: 13    Int: 11    God:
Gold:   51         SH:  0    Dex: 14    Spells: 5/5 levels left

rFire   . . .        a - +0 short sword
rCold   . . .        (no shield)
rNeg    . . .        b - +0 leather armour
rPois   .            (no helmet)
rElec   .            (no cloak)
rCorr   .            (no gloves)
SInv    .            (no boots)
Will    .....        (no amulet)
Stlth   ++++         (no ring)
HPRegen 0.26/turn    (no ring)
MPRegen 0.09/turn

%: no passive effects
@: brilliant, hasted, very quick
A: fangs 1, strong nose, distributed training
a: no special abilities


You were on level 6 of the Dungeon.
You visited 1 branch of the dungeon, and saw 2 of its levels.

You collected 51 gold pieces.

Inventory:

Hand Weapons
 a - a +0 short sword (weapon)
 e - a +0 sling
 i - a +0 scimitar
 k - a +0 long sword
Armour
 b - a +0 leather armour (worn)
Wands
 g - a wand of digging (3)
 j - a wand of iceblast (12)
Scrolls
 c - a scroll of fog
 d - a scroll of revelation
Potions
 f - a potion of haste


   Skills:
 + Level 6.6 Fighting
 + Level 4.6 Short Blades
 + Level 1.0 Long Blades
 + Level 1.0 Axes
 + Level 1.0 Maces & Flails
 + Level 1.0 Polearms
 + Level 1.0 Staves
 + Level 1.0 Ranged Weapons
 + Level 1.0 Throwing
 + Level 1.0 Armour
 + Level 4.6 Dodging
 + Level 9.6 Stealth
 + Level 1.0 Shields
 + Level 1.0 Unarmed Combat
 + Level 1.0 Spellcasting
 + Level 0.8 Conjurations
 + Level 0.8 Hexes
 + Level 0.8 Summonings
 + Level 0.8 Necromancy
 + Level 0.8 Translocations
 + Level 0.8 Transmutations
 + Level 0.8 Fire Magic
 + Level 0.8 Ice Magic
 + Level 0.8 Air Magic
 + Level 0.8 Earth Magic
 + Level 0.8 Poison Magic
 + Level 1.1 Invocations
 + Level 1.0 Evocations
 + Level 1.0 Shapeshifting


You had 5 spell levels left.
You didn't know any spells.
Your spell library was empty.

Dungeon Overview and Level Annotations

Branches:
Dungeon (6/15)
 Temple: D:4-7

Altars:

Annotations:
D:5 Dowan, Duvessa


Innate Abilities, Weirdness & Mutations

You have very sharp teeth.
Your uncanny sense of smell can sniff out nearby items.
Your experience applies equally to all skills.


Message History

You hit the black bear but do no damage.
You bite the black bear, but do no damage.
The black bear is severely wounded.
The black bear bites you but does no damage.
The black bear misses you. The black bear barely misses you.
You closely miss the black bear.
The black bear is severely wounded.
You barely miss the black bear.
The black bear is severely wounded.
The black bear bites you but does no damage.
The black bear claws you but does no damage.
The black bear claws you.
You hit the black bear but do no damage.
You bite the black bear, but do no damage.
The black bear is severely wounded.
You hit the black bear but do no damage.
The black bear is severely wounded.
The black bear bites you.
* * * LOW HITPOINT WARNING * * *
The black bear claws you but does no damage.
The black bear barely misses you.
You hit the black bear but do no damage.
You bite the black bear.
The black bear is severely wounded.
You hit the black bear but do no damage.
The black bear is severely wounded.
The black bear bites you but does no damage.
The black bear closely misses you. The black bear claws you.
* * * LOW HITPOINT WARNING * * *
You hit the black bear. Your bite misses the black bear.
The black bear is severely wounded.
You barely miss the black bear.
The black bear is severely wounded.
The black bear goes berserk!
It was a potion of brilliance.
You feel clever all of a sudden. The black bear bites you!
* * * LOW HITPOINT WARNING * * *
The black bear claws you.
You die...

..................... ##
...................#.##.
.......)............#<..
......oo..........# ##..
.......#.o.##.....###...
.....o.#.o..#..#...#....
.###..###o#....#........
...#..##h.#.............
#......@#..........##.#.
...#......#.#......##...
..........#.##......#...
#....!....#..#..###...##
.................#....#
.....##...#.###......##
8.... ##.##.##.........
...>. .. ##.###.#....
#.. ....##.


You could see a black bear (berserk) and 2 orcs.

Vanquished Creatures
  A scorpion (D:5)
  2 orcs (D:6)
3 creatures vanquished.

Notes
Turn   | Place    | Note
-------+----------+-------------------------------------------
     0 | D:5      | Reached skill level 9 in Stealth
     0 | D:5      | croobank the Gnoll Delver began the quest for the Orb.
     0 | D:5      | Reached XP level 1. HP: 23/23 MP: 1/1
    15 | D:5      | Noticed a scorpion
    22 | D:5      | Killed a scorpion
    23 | D:5      | Reached skill level 1 in Long Blades
    23 | D:5      | Reached skill level 1 in Axes
    23 | D:5      | Reached skill level 1 in Maces & Flails
    23 | D:5      | Reached skill level 1 in Polearms
    23 | D:5      | Reached skill level 1 in Staves
    23 | D:5      | Reached skill level 1 in Ranged Weapons
    23 | D:5      | Reached skill level 1 in Throwing
    23 | D:5      | Reached skill level 1 in Armour
    23 | D:5      | Reached skill level 1 in Shields
    23 | D:5      | Reached skill level 1 in Unarmed Combat
    23 | D:5      | Reached skill level 1 in Spellcasting
    23 | D:5      | Reached skill level 1 in Invocations
    23 | D:5      | Reached skill level 1 in Evocations
    23 | D:5      | Reached XP level 2. HP: 29/29 MP: 1/3
    23 | D:5      | Reached XP level 3. HP: 35/35 MP: 1/4
    23 | D:5      | Reached XP level 4. HP: 41/41 MP: 1/5
    68 | D:5      | Noticed Duvessa
    69 | D:5      | Noticed Dowan
   109 | D:6      | Reached skill level 1 in Shapeshifting
   109 | D:6      | Noticed a black bear
   150 | D:6      | Slain by a black bear

Illustrated notes

Levels and vault maps discovered:
D:5:      layout_rooms, nicolae_hepliaklqana_monster_ancestors, uniq_duvessa
D:6:      layout_cave_pools, mrwooster_statue_mirror, kb_rosetta

Skill      XL: |  1  2  3  4 |
---------------+-------------+-----
Stealth        | |  9.6
Long Blades    | 1 |  1.0
Axes           | 1 |  1.0
Maces & Flails | 1 |  1.0
Polearms       | 1 |  1.0
Staves         | 1 |  1.0
Ranged Weapons | 1 |  1.0
Throwing       | 1 |  1.0
Armour         | 1 |  1.0
Shields        | 1 |  1.0
Unarmed Combat | 1 |  1.0
Spellcasting   | 1 |  1.0
Invocations    | 1 |  1.1
Evocations     | 1 |  1.0
Shapeshifting  | 1 |  1.0
Fighting       | |  6.6
Short Blades   | |  4.6
Dodging        | |  4.6
Conjurations   | |  0.8
Hexes          | |  0.8
Summonings     | |  0.8
Necromancy     | |  0.8
Translocations | |  0.8
Transmutations | |  0.8
Fire Magic     | |  0.8
Ice Magic      | |  0.8
Air Magic      | |  0.8
Earth Magic    | |  0.8
Poison Magic   | |  0.8

Action                     |  1- 3 |  4- 6 || total
---------------------------+-------+-------++-------
  Melee: Short sword       |     1 |    32 ||    33
         Bite              |       |     5 ||     5
    Use: Potion            |       |     2 ||     2
         Scroll            |       |     1 ||     1
   Stab: Sleeping          |     1 |     1 ||     2
 Armour: Leather armour    |       |    26 ||    26
  Dodge: Dodged            |       |    23 ||    23

Table legend: (Time is in decaauts)
 A = Elapsed time spent in this place.
 B = Non-inter-level travel time spent in this place.
 C = Inter-level travel time spent in this place.
 D = Time resting spent in this place.
 E = Time spent auto-exploring this place.
 F = Levels seen in this place.
 G = Mean time per level.
                   A        B        C        D        E       F      G
               +--------+--------+--------+--------+--------+-----+--------+
         Total |    133 |    133 |      0 |     33 |      0 |   2 |   66.5 |
       Dungeon |    133 |    133 |      0 |     33 |      0 |   2 |   66.5 |
               +--------+--------+--------+--------+--------+-----+--------+

Top non-repeatable levels by time:
     D:5: 80 daAuts
     D:6: 53 daAuts
